 Dungeon Crawl Stone Soup version 0.18.1-8-gdd0e5ea (webtiles) character file.

797 Gargoyl the Skirmisher (level 7, -8/55 (56) HPs)
             Began as a Demonspawn Abyssal Knight on June 4, 2016.
             Was a Priest of Lugonu.
             Mangled by an orc warrior
             ... wielding a +0 war axe
              (10 damage)
             ... on level 6 of the Dungeon.
             The game lasted 00:09:41 (6784 turns).

Gargoyl the Skirmisher (Demonspawn Abyssal Knight)  Turns: 6784, Time: 00:09:41

HP:   -8/55 (56)    AC: 11    Str: 14    XL:     7   Next: 58%
MP:   8/8           EV: 12    Int: 13    God:    Lugonu [***...]
Gold: 151           SH:  2    Dex: 15    Spells: 0 memorised, 6 levels left

rFire  . . .     SeeInvis .     A - +0 war axe
rCold  . . .     Gourm    .     D - +0 chain mail
rNeg   + . .     Faith    .     (no shield)
rPois  .         Spirit   .     (helmet restricted)
rElec  .         Dismiss  .     (no cloak)
rCorr  .         Reflect  +     y - +0 pair of gloves
SustAt .         Harm     .     v - +0 pair of boots
MR     .....                    l - +2 amulet of reflection
Stlth  ..........               w - +4 ring of evasion
                                d - ring of positive energy

@: not resistant to hostile enchantments, extremely unstealthy
A: antennae 2, claws 2, talons 1, agile 1, blink, low mp 1
a: Blink, Depart the Abyss, Bend Space, Banish, Renounce Religion


You were on level 6 of the Dungeon.
You worshipped Lugonu.
Lugonu was most pleased with you.
You were not hungry.

You visited 1 branch of the dungeon, and saw 6 of its levels.
You visited the Abyss 1 time.

You collected 151 gold pieces.

Inventory:

Hand Weapons
 i - a +2 antimagic spear
 A - a +0 war axe (weapon)
 C - a +0 flail
Armour
 v - a +0 pair of boots (worn)
 y - a +0 pair of gloves (worn)
 D - a +0 chain mail (worn)
Jewellery
 b - an uncursed ring of protection from fire {unknown}
 d - a ring of positive energy (left hand)
 l - a +2 amulet of reflection (around neck)
 w - a +4 ring of evasion (right hand)
Wands
 e - a wand of paralysis (9/24)
Scrolls
 k - 4 scrolls of identify
 n - 3 scrolls of remove curse
 p - 2 scrolls of fear {unknown}
 q - a scroll of immolation {unknown}
 r - 2 scrolls of enchant weapon {unknown}
 s - 2 scrolls of teleportation {unknown}
 u - 2 scrolls of recharging {unknown}
 x - 3 scrolls of noise {unknown}
Potions
 f - a potion of haste
 h - a potion of curing
Comestibles
 c - 3 bread rations
 g - 2 beef jerkies
 j - 2 royal jellies
 m - 7 meat rations


   Skills:
 + Level 5.0 Fighting
 + Level 3.9 Axes
 * Level 3.8 Armour
 + Level 4.2 Dodging
 + Level 1.3 Stealth
 + Level 2.7 Invocations


You had 6 spell levels left.
You didn't know any spells.

Dungeon Overview and Level Annotations

Branches:
Dungeon (6/15)
 Temple: D:4-7

Altars:
Nemelex Xobeh
Qazlal
Trog
Vehumet
Yredelemnul

Annotations:
D:3 Leafly's ghost, amateur DsAK


Innate Abilities, Weirdness & Mutations

You have a pair of antennae on your head.
You have very sharp fingernails.
You have sharp toenails.
You are agile. (Dex +2)
You can translocate small distances at will.
Your magical capacity is low (-10% MP).


Message History

You hit the orc warrior but do no damage.
The orc warrior is heavily wounded.
The orc warrior hits you with a war axe!
You hit the orc warrior but do no damage.
The orc warrior is heavily wounded.
The orc warrior closely misses you.
You barely miss the orc warrior.
The orc warrior is heavily wounded.
The orc warrior hits you but does no damage.
You hit the orc warrior.
The orc warrior is severely wounded.
You block the orc warrior's attack.
You closely miss the orc warrior.
The orc warrior is severely wounded.
The orc warrior hits you with a war axe!
* * * LOW HITPOINT WARNING * * *
You hit the orc warrior.
The orc warrior is almost dead.
The orc warrior hits you with a war axe!
You die...

. .. ... ..# #.# #.##
#####. #<## #......
##.## ####.......
##.######.o@)......
#####..##....##.......
...........####
....... .........###
#...... .........#
...... .........#
...... .........#
..... .........# .....
..........


You could see an orc warrior.

Vanquished Creatures
  A centaur (D:5)
  A necrophage (D:5)
  A giant frog (D:6)
  A scorpion (D:4)
  A howler monkey (D:4)
  4 orc priests
  2 orc wizards
  2 hounds
  Jessica (D:4)
  3 worker ants
  A howler monkey skeleton (D:5)
  6 adders
  An ooze (D:5)
  3 worms
  2 dart slugs (D:1)
  15 orcs
  8 bats
  4 giant cockroaches
  8 goblins
  10 hobgoblins
  5 jackals
  6 kobolds
  A quokka (D:5)
  A giant cockroach zombie (D:5)
  A giant gecko skeleton (D:5)
  A giant newt (D:2)
  6 rats
96 creatures vanquished.

Notes
Turn   | Place    | Note
--------------------------------------------------------------
     0 | Abyss:1  | Gargoyl the Demonspawn Abyssal Knight began the quest for the Orb.
     0 | Abyss:1  | Reached XP level 1. HP: 18/18 MP: 2/2
    50 | Abyss:2  | Noticed a large abomination
    73 | D:1      | Escaped the Abyss
   178 | D:1      | Reached * piety under Lugonu
   228 | D:1      | Gained mutation: You have a pair of small antennae on your head. [demonic ancestry]
   228 | D:1      | Reached XP level 2. HP: 19/24 MP: 3/3
   449 | D:1      | Reached skill level 1 in Dodging
   838 | D:1      | Gained mutation: You have sharp fingernails. [demonic ancestry]
   838 | D:1      | Reached XP level 3. HP: 27/29 MP: 5/5
  1112 | D:2      | Found a faded altar to an unknown god.
  1210 | D:2      | Reached ** piety under Lugonu
  1266 | D:2      | Found a bloodstained altar of Trog.
  2130 | D:3      | Noticed Leafly's ghost (amateur DsAK)
  2136 | D:3      | Gained mutation: You have sharp toenails. [demonic ancestry]
  2136 | D:3      | Reached XP level 4. HP: 11/37 MP: 6/6
  3139 | D:4      | Got a jewelled leather armour
  3149 | D:4      | Reached skill level 4 in Fighting
  3149 | D:4      | Gained mutation: You have very sharp fingernails. [demonic ancestry]
  3149 | D:4      | Reached XP level 5. HP: 22/42 MP: 7/7
  3433 | D:4      | Identified the +1 leather armour of Rabroll {rN+} (You found it on level 4 of the Dungeon)
  3528 | D:4      | Found a stormy altar of Qazlal.
  3530 | D:4      | Noticed a water elemental
  3531 | D:4      | Noticed an air elemental
  3531 | D:4      | Noticed a fire elemental
  3607 | D:4      | Found a sparkling altar of Nemelex Xobeh.
  3614 | D:4      | Noticed Jessica
  3618 | D:4      | Killed Jessica
  3679 | D:4      | Reached skill level 1 in Stealth
  3887 | D:4      | Reached XP level 6. HP: 33/48 MP: 8/8
  4552 | D:4      | HP: 2/48 [orc priest/short sword (4)]
  4935 | D:5      | Entered Level 5 of the Dungeon
  4985 | D:5      | Found a radiant altar of Vehumet.
  4987 | D:5      | Found a sparkling altar of Nemelex Xobeh.
  4991 | D:5      | Found a basalt altar of Yredelemnul.
  5320 | D:5      | Gained mutation: You have a pair of antennae on your head. [demonic ancestry]
  5320 | D:5      | Reached XP level 7. HP: 11/55 MP: 9/9
  5801 | D:5      | Got a spiked leather armour
  5802 | D:5      | Identified the +1 leather armour "Yblyr" {Slay+2} (You found it on level 5 of the Dungeon)
  6309 | D:5      | Reached *** piety under Lugonu
  6476 | D:5      | Gained mutation: You can translocate small distances at will. [potion of mutation]
  6476 | D:5      | Gained mutation: Your magical capacity is low (-10% MP). [potion of mutation]
  6476 | D:5      | Gained mutation: You are agile. (Dex +2) [potion of mutation]
  6769 | D:6      | Reached skill level 5 in Fighting
  6783 | D:6      | HP: 2/55 [orc warrior/war axe (17)]
  6784 | D:6      | Mangled by an orc warrior

Skill      XL: |  1  2  3  4  5  6  7 |
---------------+----------------------+-----
Axes           | 2 3 |  3.9
Dodging        | 1 2 3 4 |  4.2
Armour         | 2 3 |  3.8
Fighting       | 4 5 |  5.0
Stealth        | 1 |  1.3
Invocations    | |  2.7

Action                   |  1- 3 |  4- 6 |  7- 9 || total
-------------------------+-------+-------+-------++-------
Melee: Hand axe          |   137 |    64 |       ||   201
       War axe           |       |    86 |    79 ||   165
Invok: Depart the Abyss  |     1 |       |       ||     1
  Use: Potion            |       |     6 |     3 ||     9
       Scroll            |       |       |     2 ||     2
  Eat: Chunk             |     4 |     9 |     5 ||    18
       Beef jerky        |       |     1 |       ||     1
Armor: Leather armour    |    55 |    39 |     5 ||    99
       Chain mail        |       |       |    17 ||    17
Dodge: Dodged            |   135 |   155 |    62 ||   352
Block: Other             |     9 |    14 |     7 ||    30
